[Event "98th Caplin Hastings Masters 2024-25"]
[Site "Hastings"]
[Date "2025.01.03"]
[Round "9.51"]
[White "Butt, Laurence"]
[Black "Bryant, Marc A"]
[Result "1-0"]
[ECO "D01"]
[WhiteElo "1818"]
[BlackElo "1825"]
[Annotator "NA RC"]
[PlyCount "62"]
[EventDate "2024.12.23"]
[EventType "swiss"]
[EventCountry "ENG"]
[SourceTitle "playchess.com"]
[Source "ChessBase"]
[SourceQuality "1"]
[TimeControl "5400+30"]

1. d4 Nf6 2. Bg5 d5 3. Nc3 Bf5 4. e3 Nbd7 5. Bd3 Bg6 6. Nf3 h6 7. Bxg6 hxg5 8. Bd3 e6 9. Nxg5 Bb4 10. Nf3 Ne4 11. Bxe4 dxe4 12. Nd2 Qg5 13. g3 f5 14. Qe2 Qe7 15. Nb5 Nb6 16. c3 Bd6 17. Nxd6+ cxd6 18. f3 d5 19. fxe4 dxe4 20. a4 Rc8 21. Qb5+ Kf7 22. O-O Rh3 23. Rxf5+ Kg6 24. Rf4 Rch8 25. Qe5 R8h5 26. Qxe4+ Kh6 27. Rf2 Nd5 28. Nf3 Nf6 29. Qd3 Ng4 30. Rg2 Qd6 31. Qe4 g5 1-0

[Event "98th Caplin Hastings Masters 2024-25"]
[Site "Hastings"]
[Date "2025.01.03"]
[Round "9.52"]
[White "Miller, Daniel"]
[Black "Wheeler, James M"]
[Result "1-0"]
[ECO "E64"]
[WhiteElo "2093"]
[BlackElo "1863"]
[Annotator "NA RC"]
[PlyCount "85"]
[EventDate "2024.12.23"]
[EventType "swiss"]
[EventCountry "ENG"]
[SourceTitle "playchess.com"]
[Source "ChessBase"]
[SourceQuality "1"]
[TimeControl "5400+30"]

1. d4 Nf6 2. c4 c5 3. d5 g6 4. Nc3 d6 5. Nf3 Bg7 6. g3 O-O 7. Bg2 Na6 8. O-O Nc7 9. e4 a6 10. a4 Rb8 11. a5 Bd7 12. Nd2 b5 13. axb6 Rxb6 14. f4 Ng4 15. Nf3 f5 16. h3 fxe4 17. hxg4 exf3 18. Bxf3 Rb4 19. Qe2 Re8 20. Ne4 Qb8 21. Rb1 Rb3 22. Kg2 Qb6 23. Rh1 e6 24. Nd2 Rb4 25. Kf1 Bd4 26. Qh2 Re7 27. b3 exd5 28. Qh4 Rf7 29. Bb2 Rxb3 30. Qd8+ Be8 31. Nxb3 Qxb3 32. Bxd5 Qd3+ 33. Kg2 Qe2+ 34. Kh3 Nxd5 35. cxd5 Rd7 36. Qb8 Bxb2 37. Rxb2 Qe4 38. Rbb1 Re7 39. Qxd6 Bf7 40. Qxc5 Bxd5 41. Rbe1 Qg2+ 42. Kh4 h6 43. Qxe7 1-0